 Dungeon Crawl Stone Soup version 0.28-b1 (webtiles) character file.

Game seed: 2439965610147667909

32 Descartes the Grasshopper (level 3, 0/24 HPs)
             Began as a Formicid Warper on Jan 26, 2022.
             Slain by a hound (4 damage)
             ... on level 3 of the Dungeon.
             The game lasted 00:02:28 (2802 turns).

Descartes the Grasshopper (Formicid Warper)         Turns: 2802, Time: 00:02:28

Health: 0/24       AC:  3    Str: 17    XL:     3   Next: 45%
Magic:  6/6        EV: 11    Int: 12    God:
Gold:   72         SH:  0    Dex: 10    Spells: 6/6 levels left

rFire   . . .      SeeInvis +   h - +3 mace
rCold   . . .      Faith    .   (no shield)
rNeg    . . .      Spirit   .   b - +0 leather armour
rPois   .          Reflect  .   (helmet unavailable)
rElec   .          Harm     .   (no cloak)
rCorr   .          Rampage  .   (no gloves)
Will    .....                   (no boots)
Stlth   +.........              (no amulet)
HPRegen 0.08/turn               (no ring)
MPRegen 0.10/turn               (no ring)

@: no status effects
A: reduced essence, permanent stasis, dig shafts and tunnels, antennae 3, four
strong arms
a: Dig, Shaft Self


You were on level 3 of the Dungeon.
You visited 1 branch of the dungeon, and saw 3 of its levels.

You collected 72 gold pieces.

Inventory:

Hand Weapons
 a - a +0 hand axe
 h - a +3 mace (weapon)
Missiles
 c - 5 boomerangs of dispersal (quivered)
 f - 43 stones
Armour
 b - a +0 leather armour (worn)
Wands
 i - a wand of acid (12)
Scrolls
 d - 2 scrolls of identify {unknown}
 e - 2 scrolls of fog {unknown}
 g - a scroll of magic mapping {unknown}
 j - a scroll of teleportation {unknown}
 k - a scroll of immolation


   Skills:
 - Level 2.1 Fighting
 - Level 2.0 Axes
 - Level 1.0 Throwing
 + Level 2.5 Armour
 - Level 1.7 Dodging
 - Level 2.1 Spellcasting
 + Level 3.3 Translocations


You had 6 spell levels left.
You didn't know any spells.
Your spell library contained the following spells:

 Spells                   Type           Power      Damage    Failure   Level
 Gell's Gravitas          Tloc           9%         N/A       24%         3
 Lesser Beckoning         Tloc           9%         N/A       24%         3
 Teleport Other           Tloc           9%         N/A       24%         3
 Scorch                   Fire           2%         2d5       43%         2
 Manifold Assault         Tloc           9%         N/A       92%         5
 Flame Wave               Conj/Fire      1%         2d4       97%         4
 Summon Cactus Giant      Summ           0%         N/A       100%        6
 Blink                    Tloc           Unusable   N/A       N/A         2

Dungeon Overview and Level Annotations

Branches:
Dungeon (3/15)

Altars:
Hepliaklqana


Innate Abilities, Weirdness & Mutations

Your life essence is reduced to manifest your ancestor. (-10% HP)
You cannot be hasted, slowed, berserked, paralysed or teleported.
You can dig through walls and to a lower floor.
You have a pair of large antennae on your head. (SInv)
Your four strong arms can wield two-handed weapons with a shield.


Message History

You are too injured to fight recklessly!
Found 19 stones.
Found a stone staircase leading up.
A kobold comes into view. It is wielding a +0 short sword.
The kobold shouts!
You hit the kobold.
The kobold is heavily wounded.
The kobold hits you with a +0 short sword.
* * * LOW HITPOINT WARNING * * *
You thump the kobold!
You kill the kobold!
Things that are here:
a +0 short sword; a +0 plate armour; a kobold corpse A dart slug comes into view.
You are too injured to fight recklessly!
Found a scroll labelled GETSA KUDIBB.
Found 11 gold pieces.
The dart slug launches a dart at you. The slug dart hits you.
* * * LOW HITPOINT WARNING * * *
A hound comes into view.
The dart slug launches a dart at you. The slug dart hits you.
* * * LOW HITPOINT WARNING * * *
You hit the dart slug.
The dart slug is heavily wounded.
The dart slug barely misses you.
You sock the dart slug!
You kill the dart slug!
You barely miss the hound. The hound bites you but does no damage.
The hound closely misses you.
You sock the hound!
The hound is heavily wounded.
The hound bites you.
* * * LOW HITPOINT WARNING * * *
The hound closely misses you.
You sock the hound!
The hound is almost dead.
The hound bites you.
You die...

#...............
.###...)##.####
##....##.#
#.....##.#
#.†..###.# ##
#....###.### #.
.##..........# #.
.(........).#.###?#
#...####.###...@h.#
#... #.#.........#
#. #..
#.#.#######..# #.
#.. #.#. #... ...
<.. $# ##. ### .
... ###


You could see a hound.

Vanquished Creatures
  A worm (D:3)
  6 dart slugs
  4 ball pythons (D:1)
  5 endoplasms
  4 giant cockroaches
  3 goblins
  A hobgoblin (D:1)
  4 kobolds
  2 quokkas
  5 bats
  A frilled lizard (D:3)
  2 rats (D:1)
38 creatures vanquished.

Vanquished Creatures (others)
  2 plants (D:1)
2 creatures vanquished.

Grand Total: 40 creatures vanquished

Notes
Turn   | Place    | Note
-------+----------+-------------------------------------------
     0 | D:1      | Descartes the Formicid Warper began the quest for the Orb.
     0 | D:1      | Reached XP level 1. HP: 16/16 MP: 3/3
   374 | D:1      | Reached XP level 2. HP: 22/22 MP: 5/5
   392 | D:1      | Reached skill level 3 in Translocations
   955 | D:1      | Reached XP level 3. HP: 27/27 MP: 6/6
  1612 | D:2      | Found a faded altar of an unknown god.
  1643 | D:2      | Prayed at the altar of an unknown god.
  1643 | D:2      | Became a worshipper of Hepliaklqana the Forgotten
  1643 | D:2      | Reached * piety under Hepliaklqana
  1644 | D:2      | Fell from the grace of Hepliaklqana
  2802 | D:3      | Slain by a hound

Illustrated notes

Levels and vault maps discovered:
D:1:      co_arrival_random_square_maze, layout_basic, serial_bayou_pond_a
D:2:      layout_basic, hellmonk_ecumenical_altar_blasted,
          hangedman_decor_peaks_small, kennysheep_nondescript,
          hangedman_glass_teeth
D:3:      layout_loops_ring, bloody_makhleb

Skill      XL: |  1  2 |
---------------+-------+-----
Translocations | 3 |  3.3
Armour         | 2 |  2.5
Fighting       | |  2.1
Axes           | |  2.0
Throwing       | |  1.0
Dodging        | |  1.7
Spellcasting   | |  2.1

Action                   || total
-------------------------++-------
Melee: Hand axe          ||    64
       Punch             ||     1
       Mace              ||    56
Invok: Renounce Religion ||     1
Armor: Leather armour    ||    44
Dodge: Dodged            ||    76
